 Dungeon Crawl Stone Soup version 0.21.1-1-g345015fe64 (webtiles) character file.

350 Gargoyl the Skirmisher (level 6, -1/56 HPs)
             Began as a Centaur Abyssal Knight on July 31, 2018.
             Was a Follower of Lugonu.
             Killed from afar by Ijyb (15 damage)
             ... with a wand of acid (5)
             ... on level 3 of the Dungeon.
             The game lasted 00:04:18 (2702 turns).

Gargoyl the Skirmisher (Centaur Abyssal Knight)     Turns: 2702, Time: 00:04:19

Health: -1/56      AC:  6    Str: 14    XL:     6   Next: 34%
Magic:  8/8        EV:  4    Int: 11    God:    Lugonu [*.....]
Gold:   171        SH:  0    Dex: 11    Spells: 5/5 levels left

rFire    . . .     SeeInvis .   a - +1 hand axe
rCold    + . .     Gourm    .   (no shield)
rNeg     . . .     Faith    .   g - +0 chain mail (curse)
rPois    .         Spirit   .   (no helmet)
rElec    .         Reflect  .   k - +1 cloak
rCorr    .         Harm     .   (no gloves)
MR       .....                  (no barding)
Stlth    ..........             (no amulet)
HPRegen  0.18/turn              h - ring of protection from cold
MPRegen  0.11/turn              (no ring)

@: corroded, very quick
A: large, hooves 3, deformed body, speed 2, tough skin 3
a: Depart the Abyss, Renounce Religion


You were on level 3 of the Dungeon.
You worshipped Lugonu.
Lugonu was aware of your devotion.
You were hungry.

You visited 1 branch of the dungeon, and saw 3 of its levels.
You visited the Abyss 1 time.

You collected 171 gold pieces.

Inventory:

Hand Weapons
 a - a +1 hand axe (weapon)
 j - a +2 whip of holy wrath
Armour
 g - a cursed +0 chain mail (worn)
 k - a +1 cloak (worn)
Jewellery
 h - a ring of protection from cold (left hand)
Wands
 b - a wand of iceblast (6)
 d - a wand of acid (8)
Scrolls
 l - 2 scrolls of remove curse
Potions
 e - 2 potions of curing
 f - a potion of brilliance {unknown}
 i - 2 potions of heal wounds {unknown}
Comestibles
 c - 8 rations


   Skills:
 + Level 5.4 Fighting
 + Level 2.8 Axes
 * Level 2.6 Armour
 + Level 0.7 Dodging
 * Level 3.1 Invocations
 + Level 0.4 Evocations


You had 5 spell levels left.
You didn't know any spells.

Dungeon Overview and Level Annotations

Branches:
Dungeon (3/15)

Altars:
Ru

Annotations:
D:3 Ijyb


Innate Abilities, Weirdness & Mutations

You have hooves in place of feet.
Armour fits poorly on your strangely shaped body.
You cover ground very quickly.
You have extremely tough skin. (AC +3)


Message History

You hit Ijyb but do no damage. You kick Ijyb, but do no damage.
Ijyb is severely wounded.
Ijyb hits you.
You closely miss Ijyb. Your kick misses Ijyb.
Ijyb is severely wounded.
Ijyb hits you but does no damage.
You hit Ijyb but do no damage. You kick Ijyb.
Ijyb is almost dead.
Ijyb hits you.
You hit Ijyb but do no damage. Your kick misses Ijyb.
Ijyb is almost dead.
Ijyb zaps a wand.
The bolt of acid hits you!
* * * LOW HITPOINT WARNING * * *
The acid corrodes you!
You are splashed with acid!
The acid burns!
* * * LOW HITPOINT WARNING * * *
Ijyb hits you.
* * * LOW HITPOINT WARNING * * *
It was a potion of curing.
You feel better.
Ijyb zaps a wand.
The bolt of acid hits you!
You die...

.. #. #.. ### ##.. ...
.... ..# ..##.# #g#.#
#@.# .. #.$# #.# #..#
#.###.#.#
###...##.#####.#
...............#
.........###############
##.##..## #.......... #.
#..# #.#......###


You could see Ijyb.

Vanquished Creatures
  An ancient zyme (Abyss:2)
  A worker ant zombie (D:2)
  5 adders
  A worm (D:3)
  2 dart slugs
  5 leopard geckos
  An orc (D:3)
  4 bats
  4 goblins
  4 hobgoblins
  9 kobolds
  2 quokkas
  A ball python (D:1)
  4 frilled lizards
  A rat (D:1)
45 creatures vanquished.

Notes
Turn   | Place    | Note
-------+----------+-------------------------------------------
     0 | Abyss:1  | Gargoyl the Centaur Abyssal Knight began the quest for the Orb.
     0 | Abyss:1  | Reached XP level 1. HP: 19/19 MP: 2/2
    51 | Abyss:1  | Found a corrupted altar of Lugonu.
   121 | Abyss:2  | Noticed a thrashing horror
   157 | Abyss:2  | Noticed a smoke demon
   182 | Abyss:2  | Noticed a quasit
   262 | Abyss:2  | Noticed an ancient zyme
   269 | Abyss:2  | Noticed a small abomination
   282 | Abyss:2  | Killed an ancient zyme
   282 | Abyss:2  | Reached skill level 5 in Fighting
   282 | Abyss:2  | Reached XP level 2. HP: 29/29 MP: 4/4
   282 | Abyss:2  | Reached XP level 3. HP: 36/36 MP: 5/5
   282 | Abyss:2  | Reached XP level 4. HP: 42/42 MP: 6/6
   282 | Abyss:2  | Reached XP level 5. HP: 48/48 MP: 7/7
   284 | Abyss:2  | Noticed a cacodemon
   284 | D:1      | Escaped the Abyss
   615 | D:1      | Reached * piety under Lugonu
  1196 | D:2      | Reached XP level 6. HP: 22/56 MP: 8/8
  2600 | D:3      | Found a sacrificial altar of Ru.
  2692 | D:3      | Noticed Ijyb
  2702 | D:3      | Killed from afar by Ijyb

Skill      XL: |  1  2  3  4  5  6 |
---------------+-------------------+-----
Fighting       | 5 |  5.4
Axes           | 2 |  2.8
Armour         | 2 |  2.6
Invocations    | 3 |  3.1
Dodging        | |  0.7
Evocations     | |  0.4

Action                   |  1- 3 |  4- 6 || total
-------------------------+-------+-------++-------
Melee: Hand axe          |       |   122 ||   122
       Kick              |       |    18 ||    18
Invok: Depart the Abyss  |       |     1 ||     1
Evoke: Wand              |     3 |     2 ||     5
  Use: Scroll            |     2 |     5 ||     7
       Potion            |     1 |     1 ||     2
  Eat: Chunk             |       |     3 ||     3
Armor: Leather armour    |       |    37 ||    37
       Chain mail        |       |    52 ||    52
Dodge: Dodged            |       |    61 ||    61
